 Dungeon Crawl Stone Soup version 0.29-a0-993-g4a18f31a58 (webtiles) character file.

Game seed: 3967624723104770894

46 zishaf the Sneak (level 3, -4/25 HPs)
             Began as a Vampire Enchanter on Aug 2, 2022.
             Slain by a gnoll
             ... wielding a +0 whip
              (7 damage)
             ... on level 3 of the Dungeon.
             The game lasted 00:04:45 (1243 turns).

zishaf the Sneak (Vampire Enchanter)                Turns: 1243, Time: 00:04:45

Health: -4/25      AC:  2    Str:  7    XL:     3   Next: 46%
Magic:  6/6        EV: 12    Int: 19    God:
Gold:   4          SH:  0    Dex: 14    Spells: 1/6 levels left

rFire   . . .      SeeInvis +   a - +1 dagger (pain)
rCold   . . .      Faith    +   (no shield)
rNeg    . . .      Spirit   .   b - +0 robe
rPois   .          Reflect  .   (no helmet)
rElec   .          Harm     .   (no cloak)
rCorr   .          Rampage  .   (no gloves)
Will    .....                   (no boots)
Stlth   +++.......              e - amulet of faith
HPRegen 0.28/turn               (no ring)
MPRegen 0.10/turn               (no ring)

@: healing quickly
A: alive, fangs 3, see invisible, vampiric 2
a: Exsanguinate


You were on level 3 of the Dungeon.
You visited 1 branch of the dungeon, and saw 3 of its levels.

You collected 121 gold pieces.
You spent 117 gold pieces at shops.

Inventory:

Hand Weapons
 a - a +1 dagger of pain (weapon)
 d - a +1 dagger
Armour
 b - a +0 robe (worn)
Jewellery
 e - an amulet of faith (around neck)
Scrolls
 g - 5 scrolls of teleportation {unknown}
 i - 2 scrolls of identify {unknown}
 l - a scroll of poison {unknown}
 n - a scroll of fear {unknown}
Potions
 c - 2 potions of invisibility
 f - a potion of flight {unknown}
 h - 5 potions of curing
 j - 2 potions of brilliance {unknown}
 k - a potion of ambrosia {unknown}
 m - a potion of lignification


   Skills:
 + Level 0.9 Fighting
 + Level 1.8 Short Blades
 + Level 2.6 Dodging
 + Level 5.0 Stealth
 - Level 2.0 Spellcasting
 + Level 4.8 Hexes
 + Level 0.8 Ice Magic


You had one spell level left.
You knew the following spells:

 Your Spells              Type           Power      Damage    Failure   Level
a - Ensorcelled Hibernat  Hex/Ice        24%        N/A       8%          2
b - Confusing Touch       Hex            20%        N/A       7%          3

Your spell library contained the following spells:

 Spells                   Type           Power      Damage    Failure   Level
 Tukima's Dance           Hex            20%        N/A       7%          3
 Dazzling Flash           Conj/Hex       22%        N/A       19%         3
 Stone Arrow              Conj/Erth      2%         3d7       45%         3
 Animate Armour           Summ/Erth      2%         N/A       86%         4
 Irradiate                Conj/Tmut      0%         3d11      99%         5
 Statue Form              Tmut/Erth      0%         N/A       100%        6
 Lehudib's Crystal Spear  Conj/Erth      0%         10d2      100%        8


Dungeon Overview and Level Annotations

Branches:
Dungeon (3/15)

Altars:

Shops:
D:1 :   D:2 !


Innate Abilities, Weirdness & Mutations

Your natural rate of healing is accelerated.
You have razor-sharp teeth.
You have supernaturally acute eyesight. (SInv)
You are afflicted with vampirism and can become a bat while bloodless.


Message History

The gnoll is moderately wounded.
The gnoll closely misses you.
You hit the gnoll but do no damage.
The gnoll is moderately wounded.
The gnoll closely misses you.
You hit the gnoll.
The gnoll is heavily wounded.
The gnoll closely misses you.
You hit the gnoll but do no damage.
The gnoll is heavily wounded.
The gnoll hits you with a +0 spear.
You closely miss the gnoll. You bite the gnoll.
The gnoll is severely wounded.
The gnoll hits you with a +0 spear.
You hit the gnoll.
The gnoll is almost dead.
A gnoll comes into view. It is wielding a +0 flail.
The gnoll barely misses you.
The gnoll shouts!
You hit the gnoll but do no damage.
The gnoll is almost dead.
You hit the gnoll but do no damage.
The gnoll is almost dead.
The gnoll hits you with a +0 spear.
You are too injured to fight recklessly!
You are too injured to fight recklessly!
You hit the gnoll but do no damage.
The gnoll is almost dead.
A gnoll comes into view. It is wielding a +0 whip.
The gnoll barely misses you.
You barely miss the gnoll.
The gnoll shouts!
You bite the gnoll.
You kill the gnoll!
The gnoll attacks as you move away! The gnoll barely misses you.
The gnoll attacks as you move away! The gnoll closely misses you.
The gnoll attacks as you move away! The gnoll hits you with a +0 whip!
* * * LOW HITPOINT WARNING * * *
The gnoll attacks as you move away! The gnoll hits you with a +0 whip!
You die... ##############.#.#. #<@g.g.g....)...... ###############.#[#

You could see 3 gnolls.

Vanquished Creatures
  A gnoll (D:3)
  An adder (D:2)
  A worm (D:2)
  An orc (D:2)
  3 ball pythons (D:1)
  3 bats
  2 endoplasms
  A giant cockroach (D:1)
  3 hobgoblins
  2 frilled lizards
  4 kobolds
  3 rats
25 creatures vanquished.

Notes
Turn   | Place    | Note
-------+----------+-------------------------------------------
     0 | D:1      | zishaf the Vampire Enchanter began the quest for the Orb.
     0 | D:1      | Reached XP level 1. HP: 13/13 MP: 3/3
    28 | D:1      | Found Gunuwuj's Book Shoppe.
   300 | D:1      | Reached XP level 2. HP: 15/20 MP: 5/5
   337 | D:1      | Learned a level 2 spell: Ensorcelled Hibernation
   368 | D:1      | Found a faded altar of an unknown god.
   931 | D:2      | Gained mutation: You are afflicted with vampirism and can
                  | become a bat while bloodless. [Vampire growth]
   931 | D:2      | Reached XP level 3. HP: 25/25 MP: 6/6
  1054 | D:2      | Found Licaifug's Distillery.
  1063 | D:2      | Bought a potion of curing for 39 gold pieces
  1063 | D:2      | Bought a potion of lignification for 39 gold pieces
  1063 | D:2      | Bought a potion of curing for 39 gold pieces
  1123 | D:2      | Reached skill level 5 in Stealth
  1182 | D:2      | Learned a level 3 spell: Confusing Touch
  1213 | D:3      | Got Lueceha's Book of Transmutation and the Boulder
  1243 | D:3      | Slain by a gnoll

Illustrated notes

Levels and vault maps discovered:
D:1:      dpeg_arrival_rooms_a, layout_loops_ring,
          shapermc_ecumenical_altar_petra, serial_shops, nicolae_shop_waterfront
D:2:      layout_rooms, serial_shops, shop
D:3:      layout_basic, chequers_serial_rivers_micro_c, uniq_sigmund

Skill      XL: |  1  2  3 |
---------------+----------+-----
Stealth        | 5 |  5.0
Fighting       | |  0.9
Short Blades   | |  1.8
Dodging        | |  2.6
Spellcasting   | |  2.0
Hexes          | |  4.8
Ice Magic      | |  0.8

Action                   || total
-------------------------++-------
Melee: Dagger            ||    85
       Bite              ||     8
       Punch             ||     2
 Stab: Sleeping          ||     9
Armor: Robe              ||     7
Dodge: Dodged            ||    43

Table legend: (Time is in decaauts)
 A = Elapsed time spent in this place.
 B = Non-inter-level travel time spent in this place.
 C = Inter-level travel time spent in this place.
 D = Time resting spent in this place.
 E = Time spent auto-exploring this place.
 F = Levels seen in this place.
 G = Mean time per level.
                   A        B        C        D        E       F      G
               +--------+--------+--------+--------+--------+-----+--------+
         Total |   1235 |   1164 |     71 |      0 |    931 |   3 |  411.7 |
       Dungeon |   1235 |   1164 |     71 |      0 |    931 |   3 |  411.7 |
               +--------+--------+--------+--------+--------+-----+--------+

Top non-repeatable levels by time:
     D:1: 751 daAuts
     D:2: 449 daAuts
     D:3: 34 daAuts
